cohdb
Replays
Latest Replays
All Replays
Popular Replays
Top Player Replays
Match Explorer
How It Works
Community
CoH3 Stats
Reddit
Sign in to upload your games and track your stats! →
Sign in with Steam
Match 46952969
Unlisted
Match 46952969
Overview
Messages
Build Orders
End
Engineer Squad
Selects Special Operations Battlegroup
Selects M29 Weasel Recon Vehicle
M29 Weasel Recon Vehicle
Construct Barracks
Riflemen Squad
Riflemen Squad
M1 Mortar Team
M29 Weasel Recon Vehicle
Infantry Support Center
Construct Tank Depot
Selects P-47 Anti-Infantry Loiter
边防陈伟霆
rocketpossum
0
0
Comments
sign in to comment!
No comments posted yet!